 Dungeon Crawl Stone Soup version 0.28.0 (webtiles) character file.

Game seed: 1418751376280708459

26372 HallandMoats the Fighter (level 13, -8/125 HPs)
             Began as a Ghoul Monk on Feb 12, 2022.
             Was a Believer of Ashenzari.
             Killed from afar by Nikola (53 damage)
             ... with an arc of chain lightning
             ... on level 13 of the Dungeon.
             The game lasted 00:19:46 (17325 turns).

HallandMoats the Fighter (Ghoul Monk)              Turns: 17325, Time: 00:19:47

Health: -8/125     AC: 15    Str: 24    XL:     13   Next: 25%
Magic:  18/18      EV: 10    Int:  5    God:    Ashenzari [**....]
Gold:   674        SH:  0    Dex: 15    Spells: 12/12 levels left

rFire   . . .      SeeInvis +     - Unarmed
rCold   + . .      Faith    .   (no shield)
rNeg    + + +      Spirit   .   p - +0 plate armour of Supernal Knowledge {Alch, Range} (curse)
rPois   ∞          Reflect  .   (no helmet)
rElec   +          Harm     .   d - +0 cloak "Oracle of Ashenzari" {Melee, Self} (curse)
rCorr   +          Rampage  .   (no gloves)
Will    ++...                   (no boots)
Stlth   ..........              w - amulet "Ugulewar" {Acrobat rElec Will+ Str+4 Stlth-}
HPRegen 0.00/turn               j - ring of the Sky {Slay+4, Melee, Alch} (curse)
MPRegen 0.16/turn               o - ring "Urgency of Ashenzari" {rPois rN+ Will+ rCorr Dex+4, Melee, Fort} (curse)

@: inhibited regen, studying Crossbows
A: claws 1, cold resistance 1, negative energy resistance 3, inhibited
regeneration, torment resistance 2
a: Renounce Religion, Curse Item, Shatter the Chains


You were on level 13 of the Dungeon.
You worshipped Ashenzari.
Ashenzari was pleased with you.
You visited 1 branch of the dungeon, and saw 13 of its levels.

You collected 687 gold pieces.
You spent 13 gold pieces at shops.

Inventory:

Missiles
 k - a throwing net (quivered)
Armour
 d - the cursed +0 cloak "Oracle of Ashenzari" (worn) {Melee, Self}
   (You found it on level 1 of the Dungeon)

   It has a curse which improves the following skills: Melee Combat: Short
   Blades, Long Blades, Axes, Maces & Flails, Polearms, Staves and Unarmed
   Combat.
   Introspection: Fighting and Spellcasting.
 p - the cursed +0 plate armour of Supernal Knowledge (worn) {Alch, Range}
   (You took it off a gnoll on level 3 of the Dungeon)

   It has a curse which improves the following skills: Alchemy: Poison Magic and
   Transmutations.
   Ranged Combat: Slings, Bows, Crossbows and Throwing.
 y - +0 acid dragon scales
 A - a +1 ring mail of cold resistance
Jewellery
 j - the cursed ring of the Sky (left claw) {Slay+4, Melee, Alch}
   (You found it on level 2 of the Dungeon)

   [ring of slaying]

   Slay:      It affects your accuracy & damage with ranged weapons and melee
   (+4).
   It has a curse which improves the following skills: Melee Combat: Short
   Blades, Long Blades, Axes, Maces & Flails, Polearms, Staves and Unarmed
   Combat.
   Alchemy:   Poison Magic and Transmutations.
 o - the cursed ring "Urgency of Ashenzari" (right claw) {rPois rN+ Will+ rCorr Dex+4, Melee, Fort}
   (You found it on level 6 of the Dungeon)

   [ring of positive energy]

   Dex:       It affects your dexterity (+4).
   rPois:     It protects you from poison.
   rN:        It protects you from negative energy.
   rCorr:     It protects you from acid and corrosion.
   Will:      It increases your willpower.
   It has a curse which improves the following skills: Melee Combat: Short
   Blades, Long Blades, Axes, Maces & Flails, Polearms, Staves and Unarmed
   Combat.
   Fortitude: Armour and Shields.
 w - the amulet "Ugulewar" (around neck) {Acrobat rElec Will+ Str+4 Stlth-}
   (You acquired it on level 12 of the Dungeon)

   [amulet of the acrobat]

   It increases your evasion while moving and waiting.
   Str:       It affects your strength (+4).
   rElec:     It insulates you from electricity.
   Will:      It increases your willpower.
   Stlth:     It makes you less stealthy.
 x - a ring of protection from cold
 B - a ring of protection from cold
 C - a +6 ring of dexterity
 D - a ring of willpower
Wands
 l - a wand of flame (32)
 r - a wand of acid (8)
 t - a wand of iceblast (25)
Scrolls
 a - 6 scrolls of immolation
 c - a scroll of silence
 e - 2 scrolls of fear
 g - 2 scrolls of brand weapon
 h - 3 scrolls of enchant weapon
 i - a scroll of fog
 m - a scroll of magic mapping
 s - 4 scrolls of teleportation
 u - 2 scrolls of blinking
Potions
 b - 2 potions of cancellation
 f - 2 potions of curing
 n - 6 potions of heal wounds
 q - 2 potions of brilliance
 v - a potion of flight
 z - a potion of ambrosia


   Skills:
 * Level 13.3(14.5) Fighting
 + Level 7.7(9.0) Armour
 + Level 8.3 Dodging
 - Level 2.1 Stealth
 * Level 13.3(15.7) Unarmed Combat
 + Level 9.2 Invocations


You had 12 spell levels left.
You didn't know any spells.
Your spell library contained the following spells:

 Spells                   Type           Power      Damage    Failure   Level
 Sandblast                Erth           0%         2d4       99%         1
 Slow                     Hex            0%         N/A       99%         1
 Ensorcelled Hibernation  Hex/Ice        0%         N/A       100%        2
 Passwall                 Tmut/Erth      0%         N/A       100%        2
 Confusing Touch          Hex            0%         N/A       100%        3
 Stone Arrow              Conj/Erth      0%         3d7       100%        3
 Vampiric Draining        Necr           0%         2d6       100%        3
 Anguish                  Hex/Necr       0%         N/A       100%        4
 Animate Dead             Necr           0%         N/A       100%        4
 Fulminant Prism          Conj/Hex       0%         3d6       100%        4
 Iskenderun's Mystic Bla  Conj/Tloc      0%         2d3       100%        4
 Petrify                  Tmut/Erth      0%         N/A       100%        4
 Alistair's Intoxication  Tmut/Pois      0%         N/A       100%        5
 Borgnjor's Vile Clutch   Necr/Erth      0%         N/A       100%        5
 Irradiate                Conj/Tmut      0%         3d13      100%        5
 Lee's Rapid Deconstruct  Erth           0%         3d5*      100%        5
 Death Channel            Necr           0%         N/A       100%        6
 Eringya's Noxious Bog    Tmut/Pois      0%         N/A       100%        6
 Sublimation of Blood     Necr           Unusable   N/A       N/A         2
 Spider Form              Tmut/Pois      Unusable   N/A       N/A         3

Dungeon Overview and Level Annotations

Branches:
Dungeon (13/15)            Temple (0/1) D:7            Lair (0/6) D:10
    Orc (0/2) D:11
 Vaults: D:13-14

Altars:
Ashenzari
Elyvilon
Hepliaklqana
Nemelex Xobeh
Ru
Trog
Vehumet

Shops:
D:1 =   D:4 !   D:8 (

Annotations:
D:7 2 transporters, hikkokomori's ghost, novice FoFi
D:13 Nikola


Innate Abilities, Weirdness & Mutations

You thrive by killing the living.
You are immune to poison.
You have sharp fingernails.
Your flesh is cold resistant. (rC+)
You are immune to negative energy. (rN+++)
You do not regenerate when monsters are visible.
You are immune to unholy pain and torment.


Message History

Lightning arcs from Nikola's hands!
The bolt of lightning hits you!!! You resist.
A bolt of lightning appears from out of thin air!
The bolt of lightning hits Nikola!
You hear a shout! x5
Unknown command.
You barely miss Nikola.
Nikola is lightly wounded.
You claw Nikola!
Nikola is moderately wounded.
Nikola hits you with a +2 rapier of electrocution.
You claw Nikola!
Nikola is moderately wounded.
A wizard comes into view. It is wielding a +0 dagger.
Nikola hits you with a +2 rapier of electrocution!
You closely miss Nikola.
Nikola is moderately wounded.
Nikola hits you but does no damage.
You claw Nikola!
Nikola is moderately wounded.
You claw Nikola!
Nikola is heavily wounded.
Nikola hits you with a +2 rapier of electrocution!
You mangle Nikola!!
Nikola is heavily wounded.
Nikola mumbles some strange words.
Nikola blinks!
You feel much better.
Nikola hits you with a +2 rapier of electrocution!!
You scratch Nikola.
Nikola is heavily wounded.
You claw Nikola! x2
Nikola is severely wounded.
Nikola hits you but does no damage.
You barely miss Nikola.
Nikola is severely wounded.
Nikola mumbles some strange words.
Lightning arcs from Nikola's hands!
The bolt of lightning hits you!!! You resist.
You die...

* ++### * * #8....
.... * ##...## * # ,
##... * #8...8* *## *
##....* * **#...#####.
#_....+{ , +...'.....
,* #.... **
##...#####. .###...###
, #8...8#####
.....p.'.#***
##...##8#8#
++##++##@####
#8......)..
,#@##.####.........
*,, #.....8###8#8#8#..
* ,{###..[##########..
, ∆ #8...8##...†.....
* *##...###.8....... *
**,**#8...)...........
* #################
####################


You could see Nikola and a wizard.

Vanquished Creatures
  A boulder beetle (D:11)
  2 hydras
  3 centaur warriors
  2 two-headed ogres (D:10)
  Sonja (D:10)
  Nergalle (D:12)
  2 wizards (D:13)
  3 deep elf pyromancers
  A manticore (D:11)
  2 cyclopes
  2 ugly things
  3 centaur zombies
  3 unseen horrors
  A gargoyle (D:11)
  2 efreet (D:13)
  3 tengu conjurers (D:13)
  6 trolls
  6 slime creatures
  A vampire (D:11)
  7 shadows
  A wyvern (D:11)
  A steam dragon (D:8)
  12 yaks
  12 vampire mosquitoes
  Menkaure (D:7)
  A two-headed ogre zombie (D:11)
  4 acid dragons
  A water moccasin (D:5)
  Duvessa (D:6)
  2 ice beasts
  2 orc warriors
  A sky beast (D:8)
  An ogre (D:7)
  3 black bears
  7 centaurs (D:11)
  3 phantoms
  2 kobold brigands
  3 scorpions
  8 bullfrogs
  A wyvern skeleton (D:6)
  A troll zombie (D:11)
  Dowan (D:6)
  17 killer bees
  3 wights (D:10)
  6 howler monkeys
  9 crimson imps (D:8)
  3 jellies
  A bullfrog zombie (D:7)
  5 orc priests
  2 hounds (D:6)
  2 centaur skeletons
  3 iguanas
  8 orc wizards
  A killer bee zombie (D:8)
  6 ogre zombies (D:11)
  A hound zombie (D:5)
  2 howler monkey zombies
  12 adders
  19 gnolls
  3 howler monkey skeletons
  3 white imps
  A dart slug (D:4)
  15 orcs
  8 endoplasms
  3 giant cockroaches
  5 goblins
  6 hobgoblins
  4 jackals
  5 quokkas
  7 ball pythons
  2 bats
  12 frilled lizards
  2 goblin skeletons (D:11)
  A goblin zombie (D:11)
  A hobgoblin skeleton (D:11)
  2 hobgoblin zombies (D:11)
  11 kobolds
  3 orc skeletons (D:11)
  16 orc zombies (D:11)
  3 rats
334 creatures vanquished.

Vanquished Creatures (others)
  4 fungi (D:10)
  10 plants
14 creatures vanquished.

Grand Total: 348 creatures vanquished

Notes
Turn   | Place    | Note
-------+----------+-------------------------------------------
     0 | D:1      | HallandMoats the Ghoul Monk began the quest for the Orb.
     0 | D:1      | Reached XP level 1. HP: 19/19 MP: 0/0
    82 | D:1      | Reached XP level 2. HP: 19/26 MP: 1/1
   187 | D:1      | Found a faded altar of an unknown god.
   211 | D:1      | Prayed at the altar of an unknown god.
   211 | D:1      | Became a worshipper of Ashenzari the Shackled
   339 | D:1      | Reached XP level 3. HP: 30/33 MP: 2/2
   757 | D:1      | Found Riask's Jewellery Shoppe.
  1043 | D:2      | Reached skill level 1 in Invocations
  1693 | D:2      | Reached skill level 1 in Armour
  1693 | D:2      | Reached XP level 4. HP: 34/41 MP: 3/3
  2697 | D:3      | Reached XP level 5. HP: 43/47 MP: 5/5
  2935 | D:3      | Found a sparkling altar of Nemelex Xobeh.
  3441 | D:4      | Reached XP level 6. HP: 55/56 MP: 6/6
  3531 | D:4      | Found Exteaclu's Distillery.
  3543 | D:4      | Bought a potion of degeneration for 13 gold pieces
  3972 | D:4      | Reached skill level 5 in Fighting
  4038 | D:4      | Reached skill level 5 in Unarmed Combat
  4335 | D:4      | Noticed a black bear
  4343 | D:4      | Killed a black bear
  4344 | D:4      | Reached XP level 7. HP: 54/62 MP: 7/7
  4395 | D:5      | Entered Level 5 of the Dungeon
  4721 | D:5      | You fall into a shaft and drop 2 floors!
  4721 | D:7      | Noticed a brown ugly thing
  4745 | D:7      | Noticed Menkaure
  4765 | D:7      | Reached * piety under Ashenzari
  4772 | D:7      | Identified the +2 chain mail of the Nexus {+Blink Will-
                  | Str+4 Int+2 Dex-5}
  4853 | D:7      | Reached XP level 8. HP: 23/73 MP: 9/9
  4865 | D:7      | Killed Menkaure
  5119 | D:7      | Found a staircase to the Ecumenical Temple.
  5169 | D:6      | Noticed Dowan
  5170 | D:6      | Noticed Duvessa
  5177 | D:6      | Killed Dowan
  5178 | D:6      | Reached XP level 9. HP: 79/81 MP: 11/11
  5181 | D:6      | Killed Duvessa
  6191 | D:6      | Identified the ring of Lutrufio {rPois rN+ Will+ rCorr
                  | Dex+4}
  6202 | D:6      | Reached skill level 5 in Dodging
  6798 | D:7      | Killed a brown ugly thing
  6799 | D:7      | Reached skill level 5 in Invocations
  6799 | D:7      | Reached ** piety under Ashenzari
  6905 | D:7      | Noticed a moth of wrath
  6917 | D:7      | Found a transporter.
  6918 | D:7      | Found a bloodstained altar of Trog.
  6925 | D:7      | Found a transporter.
  6932 | D:7      | Noticed hikkokomori's ghost (novice FoFi)
  7346 | D:8      | Reached XP level 10. HP: 74/93 MP: 13/13
  7546 | D:8      | Found Boluymn's Antique Weapon Boutique.
  8076 | D:8      | Reached skill level 5 in Armour
  8581 | D:9      | Found a large runed translucent door.
  8582 | D:9      | Found a large runed translucent door.
  8699 | D:9      | Noticed a five-headed hydra
  8707 | D:9      | Killed a five-headed hydra
  9027 | D:9      | Noticed a cyclops
  9033 | D:9      | Killed a cyclops
  9181 | D:9      | Noticed a centaur warrior
  9193 | D:9      | Killed a centaur warrior
  9194 | D:9      | Reached skill level 10 in Fighting
  9194 | D:9      | Reached skill level 10 in Unarmed Combat
  9689 | D:9      | Found a broken altar of Ashenzari.
  9706 | D:9      | Reached XP level 11. HP: 100/102 MP: 14/14
  9745 | D:10     | Entered Level 10 of the Dungeon
 10012 | D:10     | Noticed a two-headed ogre
 10028 | D:10     | Killed a two-headed ogre
 10329 | D:10     | Noticed a two-headed ogre
 10650 | D:10     | Killed a two-headed ogre
 10761 | D:10     | Noticed Sonja
 10773 | D:10     | Killed Sonja
 10776 | D:10     | Found a hazy altar of Hepliaklqana.
 10996 | D:10     | Found a sacrificial altar of Ru.
 11008 | D:10     | Found a staircase to the Lair.
 11442 | D:11     | Noticed a boulder beetle
 11943 | D:11     | Found a staircase to the Orcish Mines.
 12307 | D:11     | Reached XP level 12. HP: 75/113 MP: 16/16
 12800 | D:11     | Killed a boulder beetle
 13501 | D:12     | Noticed Nergalle
 13504 | D:12     | Noticed a seven-headed hydra
 13508 | D:12     | Killed Nergalle
 13772 | D:11     | Killed a seven-headed hydra
 14176 | D:12     | Identified a scroll of acquirement
 15363 | D:12     | Acquired the amulet "Ugulewar" {Acrobat rElec Will+ Str+4
                  | Stlth-}
 16159 | D:13     | Noticed a centaur warrior
 16168 | D:13     | Killed a centaur warrior
 16170 | D:13     | Reached XP level 13. HP: 61/124 MP: 18/18
 17307 | D:13     | Found a radiant altar of Vehumet.
 17307 | D:13     | Noticed Nikola
 17325 | D:13     | Killed from afar by Nikola

Illustrated notes

Levels and vault maps discovered:
D:1:      tarquinn_simple_flora_water_c, layout_basic, serial_shops, shop,
          hellmonk_ecumenical_altar_blasted
D:2:      layout_basic
D:3:      cheibrodos_helix_gallery, layout_rooms, nemelex_diamond_rough_becter,
          nicolae_overflow_hidden_temple, kennysheep_generic_room_4
D:4:      layout_basic, serial_shops, nicolae_diamond_shop,
          kennysheep_generic_room_16
D:5:      layout_basic
D:6:      layout_gridville, minmay_lizard_king, uniq_duvessa
D:7:      layout_rooms, minmay_temple_entry_arrows,
          gammafunk_ghost_wrathful_warriors, minmay_manual_mail, uniq_menkaure
D:8:      layout_cave_pods, serial_shops, kennysheep_mini_moat, minmay_nine_imps
D:9:      layout_stronghold, jmf_multi_god_temple2
D:10:     layout_long_grid, general_overflow_altar,
          mainiacjoe_overflow_tiny_flanked, grunt_lair_entry_orc_guard_hut,
          uniq_sonja
D:11:     layout_rooms, zombieorc2_lemuel, minmay_joined_circles
D:12:     layout_basic, uniq_nergalle
D:13:     evilmike_halls_of_destruction, layout_irregular_city

Skill      XL: |  1  2  3  4  5  6  7  8  9 10 11 12 13 |
---------------+----------------------------------------+-----
Invocations    | 1 2 3 4 5 6 7 8 9 |  9.2
Fighting       | 4 5 6 7 8 10 11 13 | 13.3
Armour         | 1 2 3 4 5 6 7 |  7.7
Unarmed Combat | 4 5 6 7 8 10 11 12 13 | 13.3
Dodging        | 3 4 5 6 7 8 |  8.3
Stealth        | |  2.1

Action                   |  1- 3 |  4- 6 |  7- 9 | 10-12 | 13-15 || total
-------------------------+-------+-------+-------+-------+-------++-------
Melee: Unarmed           |    90 |   124 |   264 |   569 |    65 ||  1112
       Punch             |     1 |     5 |    16 |    58 |     4 ||    84
Invok: Curse Item        |     1 |       |     2 |     1 |       ||     4
Evoke: Wand              |       |       |       |     4 |       ||     4
  Use: Scroll            |       |       |     2 |     3 |       ||     5
       Potion            |       |       |       |       |     1 ||     1
 Stab: Sleeping          |     5 |     2 |       |       |       ||     7
       Distracted        |       |     1 |       |       |       ||     1
Armor: Robe              |    13 |     4 |       |       |       ||    17
       Plate armour      |       |    30 |   195 |   344 |    32 ||   601
Dodge: Dodged            |    42 |    47 |    95 |   281 |    31 ||   496
